 Dungeon Crawl Stone Soup version 0.21.1-1-g345015f (webtiles) character file.

2268 prawnwizard the Grappler (level 9, 0/88 HPs)
             Began as a Troll Chaos Knight on July 2, 2018.
             Shot with an arrow by a centaur (6 damage)
             ... on level 7 of the Dungeon.
             The game lasted 00:10:07 (4220 turns).

prawnwizard the Grappler (Troll Chaos Knight)       Turns: 4220, Time: 00:10:08

Health: 0/88       AC:  8    Str: 25    XL:     9   Next: 16%
Magic:  8/8        EV: 12    Int:  8    God:    Xom [....*.]
Gold:   401        SH:  0    Dex: 11    Spells: 8/8 levels left

rFire    . . .     SeeInvis .     - Unarmed
rCold    . . .     Gourm    +   (no shield)
rNeg     . . .     Faith    .   a - +2 robe
rPois    .         Spirit   .   (helmet restricted)
rElec    .         Reflect  .   x - +0 cloak
rCorr    +         Harm     .   (gloves unavailable)
MR       .....                  (boots unavailable)
Stlth    +.........             (no amulet)
HPRegen  0.64/turn              d - ring of resist corrosion
MPRegen  0.11/turn              g - +2 ring of dexterity

@: no status effects
A: large, unfitting armour, claws 3, fast metabolism 3, gourmand, regeneration
1, shaggy fur 1, tough skin 2
a: Renounce Religion


You were on level 7 of the Dungeon.
You worshipped Xom.
You were a beloved toy of Xom.
You were not hungry.

You visited 1 branch of the dungeon, and saw 6 of its levels.
You also visited: Sewer.

You collected 401 gold pieces.

Inventory:

Armour
 a - a +2 robe (worn)
 x - a +0 cloak (worn)
Jewellery
 d - a ring of resist corrosion (left claw)
 g - a +2 ring of dexterity (right claw)
Wands
 s - a wand of iceblast (11)
 u - a wand of enslavement (24)
 B - a wand of paralysis (17)
Scrolls
 c - 3 scrolls of blinking {unknown}
 e - a scroll of noise {unknown}
 h - 8 scrolls of teleportation {unknown}
 i - a scroll of fog {unknown}
 j - 3 scrolls of remove curse {unknown}
 m - 2 scrolls of random uselessness {unknown}
 n - 5 scrolls of identify {unknown}
 q - a scroll of fear {unknown}
 v - a scroll of immolation {unknown}
Potions
 f - 2 potions of curing {unknown}
 k - 4 potions of magic {unknown}
 l - a potion of heal wounds {unknown}
 o - 2 potions of cancellation {unknown}
 p - a potion of lignification {unknown}
 r - 3 potions of flight {unknown}
 t - a potion of degeneration {unknown}
 w - a potion of haste {unknown}
 z - a potion of brilliance {unknown}
 A - a potion of agility {unknown}
Books
 y - a book of Cantrips

   Spells                             Type                      Level
   a - Confusing Touch                Hexes                        1
   b - Animate Skeleton               Necromancy                   1
   c - Summon Small Mammal            Summoning                    1
   d - Apportation                    Translocation                1
Comestibles
 b - 11 rations


   Skills:
 + Level 5.6 Fighting
 + Level 5.4 Dodging
 * Level 9.2 Unarmed Combat


You had 8 spell levels left.
You didn't know any spells.

Dungeon Overview and Level Annotations

Branches:
Dungeon (7/15)
 Temple: D:4-7

Altars:
Cheibriados
Kikubaaqudgha
Okawaru
Trog
Xom


Innate Abilities, Weirdness & Mutations

You are too large for most types of armour.
You have claws for hands.
Your metabolism is lightning-fast.
You like to eat raw meat.
Your natural rate of healing is unusually fast.
You are covered in fur. (AC +1)
You have very tough skin. (AC +2)


Message History

You are too injured to fight recklessly!
You are too injured to fight recklessly!
You scratch the steam dragon.
The steam dragon is severely wounded.
You are engulfed in a cloud of scalding steam.
The centaur wields a shortbow.
The centaur shoots an arrow.
The arrow hits you!
* * * LOW HITPOINT WARNING * * *
The steam dragon completely misses you.
The steam dragon claws you but does no damage.
You mangle the steam dragon!!
You kill the steam dragon!
The gnoll sergeant returns to its original shape as it dies.
You are engulfed in a cloud of scalding steam.
* * * LOW HITPOINT WARNING * * *
The centaur shoots an arrow.
The arrow hits you!
* * * LOW HITPOINT WARNING * * *
The gnoll closely misses you.
The centaur shoots an arrow.
The arrow hits you.
You die...
Xom chortles!

.........# #.##........#
.........#####.##........####
.........##. ..##...........#
.........##.. ..#...........#
##.......##.. #.###.##......#
#...#.###.##......#
#..[#).##.##......#
#....)†.#.##......#
#..)g@(#.##......#
#....§§#.##......#
#........##......#
#........#########
###..c....># #........#.#
#......%.+.# #........###
#........#


You could see a centaur and a gnoll.

Vanquished Creatures
  A steam dragon (D:7)
  An orc warrior (D:6)
  A phantom (D:6)
  2 black bears
  An ice beast (D:7)
  2 centaurs
  2 ogres
  4 big kobolds
  3 bullfrogs
  A water moccasin skeleton (D:6)
  2 scorpions
  A howler monkey (D:5)
  A crimson imp (D:6)
  A bullfrog zombie (D:5)
  3 orc priests
  A jelly (D:6)
  3 orc wizards
  Jessica (D:2)
  3 worker ants
  Robin (D:2)
  7 adders
  7 gnolls
  2 river rats (Sewer)
  3 oozes (Sewer)
  An adder zombie (D:7)
  2 adder skeletons
  4 worms
  4 dart slugs
  9 leopard geckos
  15 orcs
  2 ball pythons (Sewer)
  5 bats
  11 giant cockroaches
  19 goblins
  12 hobgoblins
  10 jackals
  16 kobolds
  2 quokkas
  4 frilled lizards
  A giant cockroach zombie (D:5)
  8 rats
179 creatures vanquished.

Vanquished Creatures (others)
  A gnoll (D:7)
1 creature vanquished.

Grand Total: 180 creatures vanquished

Notes
Turn   | Place    | Note
-------+----------+-------------------------------------------
     0 | D:1      | prawnwizard the Troll Chaos Knight began the quest for the Orb.
     0 | D:1      | Reached XP level 1. HP: 22/22 MP: 0/0
   174 | D:1      | Reached XP level 2. HP: 24/29 MP: 1/1
   576 | D:1      | XOM: noise
   581 | D:1      | Reached XP level 3. HP: 34/36 MP: 2/2
  1049 | D:2      | XOM: mild Chrm miscast
  1065 | D:2      | XOM is BORED!
  1065 | D:2      | XOM: blink monster(s)
  1135 | D:2      | Found a snail-covered altar of Cheibriados.
  1167 | D:2      | XOM: swap monsters
  1190 | D:2      | Noticed Robin
  1201 | D:2      | Killed Robin
  1201 | D:2      | Reached skill level 4 in Unarmed Combat
  1214 | D:2      | Reached XP level 4. HP: 38/44 MP: 3/3
  1234 | D:2      | XOM: cloud trail
  1258 | D:2      | XOM: 2-stop teleportation journey
  1259 | D:2      | Noticed Jessica
  1259 | D:2      | Killed Jessica
  1480 | D:3      | XOM: mild Tloc miscast
  1565 | D:3      | Reached XP level 5. HP: 53/53 MP: 4/4
  2041 | D:2      | XOM: cloud trail
  2326 | D:3      | XOM: noise
  2331 | D:3      | You fall through a shaft for 2 floors!
  2331 | D:5      | Entered Level 5 of the Dungeon
  2352 | D:5      | XOM: confuse monster(s)
  2364 | D:5      | Reached skill level 5 in Unarmed Combat
  2372 | D:5      | XOM: divination: detect items
  2406 | D:5      | Found a glowing drain.
  2440 | D:5      | Noticed a centaur
  2443 | D:5      | XOM: harmless Hex miscast
  2445 | D:5      | XOM: divination: detect creatures
  2447 | D:5      | Killed a centaur
  2447 | D:5      | Reached XP level 6. HP: 39/61 MP: 5/5
  2475 | Sewer    | Entered a sewer
  2624 | Sewer    | XOM: harmless Tmut miscast
  2631 | Sewer    | Reached skill level 6 in Unarmed Combat
  2631 | Sewer    | Reached XP level 7. HP: 54/68 MP: 6/6
  2745 | D:5      | XOM is BORED!
  2745 | D:5      | XOM: harmless Tloc miscast
  2905 | D:5      | XOM: potion effect (haste)
  2908 | D:5      | XOM: potion effect (berserk rage)
  2950 | D:5      | Found a bloodstained altar of Trog.
  3260 | D:6      | Reached skill level 7 in Unarmed Combat
  3357 | D:6      | Reached XP level 8. HP: 63/79 MP: 7/7
  3363 | D:6      | XOM: potion effect (invisibility)
  3445 | D:6      | XOM: silly message
  3483 | D:6      | XOM: potion effect (invisibility)
  3487 | D:6      | Found an iron altar of Okawaru.
  3572 | D:6      | Reached skill level 8 in Unarmed Combat
  3580 | D:6      | XOM: silly message
  3606 | D:6      | Reached skill level 5 in Fighting
  3652 | D:6      | XOM: silly message
  3829 | D:6      | Found an ancient bone altar of Kikubaaqudgha.
  3966 | D:7      | Reached skill level 5 in Dodging
  4012 | D:7      | XOM: harmless Air miscast
  4013 | D:7      | XOM: cast spell 'Olgreb's Toxic Radiance'
  4015 | D:7      | XOM: scenery: create altars
  4030 | D:7      | XOM: 9-stop teleportation journey
  4112 | D:7      | Reached skill level 9 in Unarmed Combat
  4112 | D:7      | Reached XP level 9. HP: 85/88 MP: 8/8
  4213 | D:7      | XOM: polymorph gnoll sergeant -> steam dragon
  4220 | D:7      | Shot with an arrow by a centaur

Skill      XL: |  1  2  3  4  5  6  7  8 |
---------------+-------------------------+-----
Dodging        | 2 3 4 5 |  5.4
Unarmed Combat | 4 5 6 7 9 |  9.2
Fighting       | 3 4 5 |  5.6

Action                   |  1- 3 |  4- 6 |  7- 9 || total
-------------------------+-------+-------+-------++-------
Melee: Unarmed           |   102 |   203 |   207 ||   512
       Punch             |     1 |     4 |     7 ||    12
 Stab: Sleeping          |     1 |     1 |     1 ||     3
       Invisible         |       |       |     3 ||     3
  Eat: Chunk             |     7 |    12 |    14 ||    33
       Ration            |       |     1 |     1 ||     2
Armor: Robe              |    53 |    66 |    77 ||   196
Dodge: Dodged            |    58 |   107 |   158 ||   323
